Map: Sludge City

Players

lIlIIIIlllI - Winner!

  • Race: Zerg Zerg
  • League: Gold
  • Spawn Location: 5:00

TrollAFriend - Winner!

  • Race: Terran Terran
  • Spawn Location: 5:00

neulaender

  • Race: Zerg Zerg
  • Spawn Location: 9:00

Baumdoktor

  • Race: Protoss Protoss
  • Spawn Location: 11:00

VOD

Have the link to the VOD?

Description

Time

  • Played on: Oct. 16, 2016, 11:41 a.m.
  • Length: 8:44
Show
View Real Time Build Order
Export as new Build Order

lIlIIIIlllI Zerg - Winner!

Build Orders: Hatch First 

Get SALT Encoding   

  12  0:03  Drone  
  13  0:12  Drone  
  14  0:20  Overlord  
  14  0:39  Drone x3  
  17  0:54  Hatchery  
  16  1:03  Drone  
  17  1:12  Spawning Pool  
  17  1:14  Extractor  
  15  1:18  Drone  
  15  1:24  Drone x2  
  18  1:34  Drone  
  19  1:44  Overlord  
  19  1:58  Drone  
  19  2:00  Queen  
  22  2:13  Zergling x4  
  22  2:14  Queen  
  26  2:16  Zergling x2  
  27  2:30  Zergling x6  
  30  2:43  Zergling x4  
  32  2:48  Zergling x2  
  33  2:51  Metabolic Boost  
  33  2:55  Baneling Nest  
  33  2:58  Zergling x2  
  33  3:00  Drone x2  
  35  3:10  Drone  
  36  3:22  Overlord x2  
  36  3:28  Overlord  
  35  3:46  Baneling x4  
  32  4:07  Zergling x12  
  32  4:08  Zergling x6  
  35  4:24  Zergling x2  
  35  4:25  Zergling x2  
  35  4:31  Zergling x4  
  39  4:50  Drone x4  
  39  4:51  Drone x4  
  47  5:00  Baneling x3  
  47  5:12  Hatchery  
  43  5:15  Zergling x4  
  43  5:16  Zergling x14  
  43  5:17  Zergling x2  
  53  5:27  Zergling x4  
  55  5:33  Spine Crawler  
  55  5:34  Spine Crawler  
  52  5:38  Spine Crawler  
  50  5:44  Zergling x14  
  50  5:45  Zergling x2  
  53  5:58  Drone x3  
  53  6:03  Drone  
  56  6:25  Baneling  
  55  6:28  Baneling  
  55  6:29  Baneling x5  
  53  6:53  Drone x4  
  53  6:54  Drone x5  
  56  6:58  Roach Warren  
  56  6:59  Extractor  
  50  7:15  Drone x4  
  50  7:16  Drone x5  
  54  7:24  Baneling  
  54  7:25  Baneling x2  
  54  7:34  Overlord x2  
  54  7:36  Drone x2  
  54  7:37  Drone x2  
  58  7:39  Extractor  
  58  7:40  Spore Crawler  
  58  7:41  Extractor  
  48  7:58  Zergling x14  
  42  8:13  Zergling x8  
  36  8:22  Zergling x4  
Show
View Real Time Build Order
Export as new Build Order

TrollAFriend Terran - Winner!

Build Orders:  

Get SALT Encoding   

  12  0:12  SCV  
  13  0:24  SCV  
  14  0:36  SCV  
  14  0:40  Supply Depot  
  15  1:02  SCV  
  16  1:11  Barracks  
  16  1:14  SCV  
  17  1:23  Refinery  
  17  1:40  SCV  
  18  1:52  SCV  
  19  2:04  SCV  
  20  2:12  Refinery  
  20  2:16  SCV  
  21  2:29  SCV  
  22  2:49  Barracks Reactor  
  21  3:27  SCV  
  21  3:28  Factory  
  22  3:42  Orbital Command  
  22  3:56  Marine  
  23  4:10  Supply Depot  
  23  4:31  Marine x2  
  23  4:38  Engineering Bay  
  25  4:49  Marine x2  
  27  5:07  Marine x2  
  29  5:20  Barracks  
  29  5:25  Marine x2  
  31  5:35  Supply Depot  
  31  5:57  Marine x2  
  33  6:12  Supply Depot  
  33  6:15  SCV, Marine x2  
  36  6:27  SCV  
  37  6:36  Starport  
  37  6:37  Marine x2  
  39  6:48  Barracks Reactor  
  39  6:55  Marine x2  
  41  7:13  Marine x2  
  43  7:28  Starport Reactor  
  43  7:31  Marine x2  
  43  7:37  Factory Tech Lab  
  39  8:06  Marine x2  
  39  8:09  Marine x2  
  40  8:24  Marine x2  
  30  8:40  Barracks  
Show
View Real Time Build Order
Export as new Build Order

neulaender Zerg 

Build Orders: Hatch First 

Get SALT Encoding   

  12  0:01  Drone  
  13  0:14  Overlord  
  13  0:21  Overlord  
  13  0:26  Drone  
  14  0:47  Drone  
  15  0:52  Drone  
  15  0:55  Drone  
  17  1:03  Hatchery  
  16  1:10  Extractor  
  15  1:11  Drone  
  15  1:13  Drone  
  17  1:27  Spawning Pool  
  17  1:30  Drone  
  17  1:35  Drone  
  18  1:44  Drone  
  19  1:54  Drone  
  20  2:12  Drone  
  21  2:17  Metabolic Boost  
  21  2:20  Drone  
  21  2:22  Drone  
  23  2:31  Spine Crawler  
  22  2:37  Spine Crawler  
  22  2:43  Drone x2  
  23  2:47  Extractor  
  23  2:48  Extractor  
  21  2:52  Queen  
  23  2:59  Queen  
  25  3:06  Drone  
  25  3:07  Drone x2  
  25  3:12  Zergling x2  
  29  3:16  Zergling x4  
  31  3:24  Baneling Nest, Drone  
  31  3:28  Drone  
  31  3:29  Drone  
  33  3:47  Zergling x6  
  35  4:01  Overlord x2  
  35  4:08  Spine Crawler  
  31  4:10  Zergling x4  
  31  4:11  Zergling x4  
  34  4:25  Zergling x2  
  34  4:26  Zergling x8  
  39  4:34  Drone  
  39  4:35  Drone, Evolution Chamber  
  40  4:42  Drone  
  40  4:43  Drone  
  42  4:47  Baneling x2  
  42  4:48  Baneling x4  
  42  4:49  Lair  
  42  5:02  Zerg Ground Armor Level 1  
  42  5:05  Drone x5  
  46  5:14  Zergling x6  
  46  5:15  Zergling x2  
  46  5:18  Drone  
  51  5:21  Overlord  
  51  5:30  Evolution Chamber  
  51  5:31  Baneling x5  
  44  5:43  Zergling x8  
  44  5:44  Zergling x4  
  47  6:09  Queen, Roach Warren  
  47  6:10  Drone x4  
  47  6:11  Drone x2  
  54  6:15  Spire  
  54  6:18  Extractor  
  53  6:19  Drone x3  
  56  6:41  Nydus Network  
  53  7:01  Zergling x2  
  53  7:02  Zergling x12  
  58  7:25  Nydus Canal  
  50  8:19  Zergling x2  
  51  8:20  Zergling x18  
  60  8:29  Overseer  
Show
View Real Time Build Order
Export as new Build Order

Baumdoktor Protoss 

Build Orders: 1 Gate Expand, Zealot Archon 

Get SALT Encoding   

  12  0:03  Probe (Chrono Boost)  
  13  0:13  Probe (Chrono Boost)  
  14  0:19  Pylon  
  14  0:24  Probe (Chrono Boost)  
  15  0:37  Probe (Chrono Boost)  
  16  0:44  Gateway  
  16  0:48  Probe (Chrono Boost)  
  17  0:58  Probe (Chrono Boost)  
  18  1:05  Assimilator  
  18  1:10  Assimilator  
  18  1:15  Probe (Chrono Boost)  
  19  1:22  Pylon  
  19  1:39  Nexus  
  19  1:48  Zealot  
  19  1:52  Cybernetics Core  
  21  2:04  Pylon  
  21  2:09  Probe (Chrono Boost)  
  24  2:15  Zealot  
  24  2:42  Zealot  
  26  2:55  Gateway  
  26  2:58  Gateway  
  26  3:01  Warp Gate  
  26  3:03  Forge  
  26  3:06  Probe (Chrono Boost)  
  26  3:09  Probe (Chrono Boost)  
  28  3:16  Probe (Chrono Boost)  
  28  3:19  Probe (Chrono Boost)  
  30  3:21  Twilight Council  
  31  3:27  Probe (Chrono Boost)  
  31  3:31  Probe (Chrono Boost)  
  32  3:43  Probe (Chrono Boost)  
  32  3:45  Pylon  
  32  3:47  Gateway  
  34  3:55  Probe (Chrono Boost)  
  34  4:05  Probe (Chrono Boost)  
  32  4:16  Probe (Chrono Boost)  
  33  4:26  Probe (Chrono Boost)  
  33  4:28  Zealot  
  33  4:29  Zealot x2  
  40  4:35  Charge  
  40  4:37  Probe (Chrono Boost)  
  41  4:42  Stalker  
  43  4:49  Probe (Chrono Boost)  
  44  4:56  Zealot  
  46  5:00  Probe (Chrono Boost)  
  47  5:10  Probe (Chrono Boost)  
  48  5:38  Zealot x3  
  54  5:50  Pylon  
  54  5:59  Pylon  
  54  6:02  Nexus  
  56  6:12  Mothership Core (Chrono Boost)  
  56  6:15  Blink  
  56  6:17  Stalker x3  
  62  6:32  Probe (Chrono Boost)  
  63  6:35  Templar Archives  
  63  6:39  Zealot  
  65  6:40  Zealot x3  
  70  7:21  Probe (Chrono Boost)  
  71  7:26  High Templar x3  
  71  7:29  Zealot  
  79  7:31  Probe (Chrono Boost)  
  80  7:38  Archon  
  80  7:42  Probe (Chrono Boost)  
Tags
 
Add a new tag
Caveats
  • Supply blocks, unpowered buildings, or Contaminate may cause inaccurate times.
  • Supply counts are checked every 10 seconds.